Map: Prion Terraces

Players

Polt - Winner!

  • Race: Terran Terran

uThermal

  • Race: Terran Terran

Event: DreamHack Open Tours WCS Spring Championship

VOD

Have the link to the VOD?

Description

Time

  • Played on: May 15, 2016, 4:27 a.m.
  • Length: 6:06

All games in this series

Show
View Real Time Build Order
Export as new Build Order

Polt Terran - Winner!

Build Orders: 1/1/1, Banshee Rush 

Get SALT Encoding   

  12  0:00  SCV  
  13  0:12  SCV  
  14  0:17  Supply Depot  
  14  0:25  SCV  
  15  0:29  Refinery  
  15  0:38  SCV  
  16  0:44  Barracks  
  16  0:51  SCV  
  16  0:55  Refinery  
  17  1:03  SCV  
  18  1:15  SCV  
  19  1:30  Orbital Command  
  19  1:31  Reaper  
  20  1:35  Factory  
  20  1:44  Supply Depot  
  20  1:56  SCV  
  21  2:03  Reaper  
  21  2:08  SCV  
  23  2:20  Hellion, Starport  
  23  2:21  SCV  
  26  2:29  Supply Depot  
  26  2:33  SCV  
  27  2:37  Barracks Tech Lab  
  27  2:41  Hellion  
  29  2:45  SCV  
  30  2:57  SCV  
  31  3:02  Hellion  
  31  3:04  Banshee  
  31  3:05  Cloaking Field  
  36  3:11  Supply Depot  
  36  3:16  Barracks Reactor  
  36  3:25  Factory Tech Lab  
  36  3:29  SCV  
  36  3:41  Command Center  
  36  3:46  SCV  
  40  3:58  SCV  
  40  4:02  Siege Tank  
  43  4:09  Marine x2  
  40  4:19  SCV  
  40  4:23  Supply Depot  
  41  4:26  Barracks  
  41  4:27  Banshee  
  44  4:33  SCV, Barracks  
  45  4:44  Siege Tank  
  45  4:45  SCV  
  49  4:53  Orbital Command  
  49  4:54  Marine x2  
  49  4:59  SCV  
  52  5:11  SCV  
  52  5:12  Marine x2  
  55  5:15  Barracks Reactor  
  55  5:18  Siege Tank  
  55  5:21  Starport Reactor, Engineering Bay  
  58  5:22  SCV  
  58  5:23  SCV  
  60  5:36  SCV x2  
  60  5:41  Refinery, Marine x3  
  60  5:42  Refinery  
  65  5:46  Supply Depot  
  65  5:47  Supply Depot  
Show
View Real Time Build Order
Export as new Build Order

uThermal Terran 

Build Orders: 1/1/1, Cyclone Opening 

Get SALT Encoding   

  12  0:02  SCV  
  13  0:14  SCV  
  14  0:17  Supply Depot  
  14  0:26  SCV  
  15  0:39  Refinery, SCV  
  16  0:44  Barracks  
  16  0:51  SCV  
  16  0:54  Refinery  
  17  1:03  SCV  
  18  1:15  SCV  
  19  1:31  Orbital Command  
  19  1:32  Factory  
  19  1:40  Reaper  
  19  1:42  Supply Depot  
  20  1:57  SCV  
  21  2:09  SCV  
  21  2:15  Hellion  
  24  2:16  Reaper  
  24  2:17  Starport  
  24  2:25  Supply Depot  
  24  2:26  SCV  
  25  2:36  Factory Tech Lab  
  25  2:38  SCV  
  26  2:48  Barracks Tech Lab  
  26  2:50  SCV  
  27  2:55  Cyclone  
  30  3:02  SCV  
  31  3:17  SCV  
  32  3:23  Raven, Command Center  
  32  3:29  Supply Depot  
  32  3:32  Marine  
  32  3:33  SCV  
  34  3:44  Supply Depot  
  34  3:50  Marine, Siege Tank  
  34  3:54  SCV  
  39  4:06  SCV  
  39  4:18  SCV  
  40  4:26  Marine  
  40  4:31  SCV  
  42  4:34  Barracks  
  42  4:35  Barracks  
  42  4:36  Factory Reactor  
  42  4:37  Starport Reactor  
  42  4:43  SCV  
  42  4:44  Marine  
  44  4:50  Engineering Bay  
  44  4:58  SCV  
  45  5:02  Marine  
  45  5:04  Orbital Command  
  46  5:10  SCV  
  47  5:22  SCV  
  47  5:24  Starport Reactor  
  48  5:30  SCV  
  48  5:31  Barracks x2  
  48  5:32  Marine  
  48  5:33  Marine  
  48  5:35  Marine x2  
  52  5:38  SCV  
  52  5:43  Marine  
  52  5:44  Supply Depot  
  52  5:48  SCV  
  54  5:52  SCV  

Tags
 
Add a new tag
Caveats
  • Supply blocks, unpowered buildings, or Contaminate may cause inaccurate times.
  • Supply counts are checked every 10 seconds.